 Dungeon Crawl Stone Soup version 0.28-a0-769-g550dbda0cd (webtiles) character file.

Game seed: 6669329905411875138

67 Demosthentine the Firebug (level 3, 0/26 HPs)
             Began as a Draconian Fire Elementalist on Nov 1, 2021.
             Slain by a hobgoblin (1 damage)
             ... led by Robin
             ... on level 2 of the Dungeon.
             The game lasted 00:04:34 (2371 turns).

Demosthentine the Firebug (DrFE)                    Turns: 2371, Time: 00:04:34

Health: 0/26       AC:  5    Str: 10    XL:     3   Next: 98%
Magic:  5/6        EV: 12    Int: 16    God:
Gold:   119        SH:  0    Dex: 11    Spells: 6/7 levels left

rFire   . . .      SeeInvis .   (no weapon)
rCold   . . .      Faith    .   (no shield)
rNeg    . . .      Spirit   .   (armour unavailable)
rPois   .          Reflect  .   (helmet restricted)
rElec   .          Harm     .   (no cloak)
rCorr   .          Rampage  .   (no gloves)
Will    .....                   (no boots)
Stlth   ++........              (no amulet)
HPRegen 0.08/turn               (no ring)
MPRegen 0.10/turn               (no ring)

@: very slightly contaminated, invisible
A: AC +5, unfitting armour, cold-blooded
a: no special abilities


You were on level 2 of the Dungeon.
You visited 1 branch of the dungeon, and saw 2 of its levels.

You collected 119 gold pieces.

Inventory:

Scrolls
 b - a scroll of identify
Potions
 a - a potion of curing {unknown}


   Skills:
 + Level 2.4 Dodging
 - Level 1.7 Stealth
 + Level 2.6 Spellcasting
 + Level 2.0 Conjurations
 + Level 3.5 Fire Magic


You had 6 spell levels left.
You knew the following spells:

 Your Spells              Type           Power      Damage    Failure   Level
a - Foxfire               Conj/Fire      44%        2x1d6     6%          1

Your spell library contained the following spells:

 Spells                   Type           Power      Damage    Failure   Level
 Scorch                   Fire           26%        2d6       7%          2
 Conjure Flame            Conj/Fire      11%        6-21      19%         3
 Inner Flame              Hex/Fire       7%         N/A       28%         3
 Ensorcelled Hibernation  Hex/Ice        4%         N/A       30%         2
 Frozen Ramparts          Ice            4%         1d2       52%         3
 Spider Form              Tmut/Pois      1%         N/A       52%         3
 Flame Wave               Conj/Fire      11%        3d4       52%         4
 Ice Form                 Ice/Tmut       2%         N/A       89%         4
 Summon Ice Beast         Ice/Summ       2%         N/A       89%         4


Dungeon Overview and Level Annotations

Branches:
Dungeon (2/15)

Altars:

Annotations:
D:2 Robin


Innate Abilities, Weirdness & Mutations

Your plain brown scales are hard. (AC +5)
You cannot fit into any form of body armour.
You are cold-blooded and may be slowed by cold attacks.


Message History

The hobgoblin closely misses you.
The hobgoblin hits the plant!
The hobgoblin hits you.
* * * LOW HITPOINT WARNING * * *
The goblin hits you but does no damage.
The hobgoblin hits the plant.
Robin hits the plant with a +0 falchion!
You hit the hobgoblin but do no damage.
The hobgoblin is heavily wounded.
The hobgoblin barely misses you. x2
The hobgoblin hits you but does no damage.
Robin hits the plant with a +0 falchion.
Unknown command.
You closely miss the hobgoblin.
Your tail-slap misses the hobgoblin.
The hobgoblin is heavily wounded.
The hobgoblin barely misses you. x2; The hobgoblin closely misses you.
A goblin comes into view. It is wielding a +0 dagger.
Robin throws the goblin out of sight!
Unknown command.
You hit the hobgoblin but do no damage.
The hobgoblin is heavily wounded.
A nearby plant withers and dies. x2; The hobgoblin closely misses you. x2
The hobgoblin hits you but does no damage.
Unknown command.
You hit the hobgoblin but do no damage.
The hobgoblin is heavily wounded.
The hobgoblin barely misses you. x3; The goblin barely misses you.
Unknown command.
You hit the hobgoblin but do no damage.
The hobgoblin is heavily wounded.
The hobgoblin barely misses you. x3; Something hits the plant.
The plant begins to die.
Unknown command.
You hit the hobgoblin.
You tail-slap the hobgoblin, but do no damage.
The hobgoblin is severely wounded.
The hobgoblin hits you.
* * * LOW HITPOINT WARNING * * *
The hobgoblin closely misses you. The goblin hits you with a +0 dagger.
* * * LOW HITPOINT WARNING * * *
The hobgoblin hits you.
You die...

######## ##......###
#..PPP....### #..Pg≈≈≈P...#
#.≈≈♣♣≈≈≈≈P.# ##PP≈♣♣♣♣≈...#
###### #..≈♣♣ ♣≈≈g## #.....
#PPP≈♣ ♣ggg######### #.....
#.Pgg♣♣♣♣P#@#g..gg..# #.....
##PP≈P≈♣≈Pgg#.#####.# #.....
##P≈≈≈P≈.#g#)#.....# #.....
##.≈...##.#.#.....###.....
#####.#....'.....+.'.....
#############.#..###.....###.....
............#.#....g...#.# #.....
............#.......####.###.....
>...........#####................


You could see Robin, 4 hobgoblins and 2 goblins.

Vanquished Creatures
  2 adders (D:2)
  4 bats
  A giant cockroach (D:1)
  9 hobgoblins
  4 jackals (D:2)
  4 kobolds
  8 ball pythons
  3 frilled lizards
  6 goblins
  5 rats
46 creatures vanquished.

Vanquished Creatures (collateral kills)
  A foxfire (D:2)
1 creature vanquished.

Vanquished Creatures (others)
  109 foxfires
  7 plants (D:2)
116 creatures vanquished.

Grand Total: 163 creatures vanquished

Notes
Turn   | Place    | Note
-------+----------+-------------------------------------------
     0 | D:1      | Demosthentine the Draconian Fire Elementalist began the
                  | quest for the Orb.
     0 | D:1      | Reached XP level 1. HP: 14/14 MP: 3/3
   328 | D:1      | Reached XP level 2. HP: 20/20 MP: 1/5
  1355 | D:2      | Reached XP level 3. HP: 26/26 MP: 1/6
  2278 | D:2      | Noticed Robin
  2371 | D:2      | HP: 1/26 [goblin[Robin] (4)]
  2371 | D:2      | Slain by a hobgoblin

Illustrated notes

Levels and vault maps discovered:
D:1:      evilmike_arrival_hilbert_curve, layout_basic,
          minmay_misc_feat_encased, serial_bayou_crossing
D:2:      layout_basic, shapermc_ecumenical_altar_pompeii, serial_bayou_pond_c,
          uniq_robin

Skill      XL: |  1  2  3 |
---------------+----------+-----
Dodging        | 2 |  2.4
Conjurations   | 2 |  2.0
Stealth        | |  1.7
Spellcasting   | |  2.6
Fire Magic     | |  3.5

Action                   || total
-------------------------++-------
Melee: Unarmed           ||    15
       Tailslap          ||     1
 Cast: Foxfire           ||    76
  Use: Scroll            ||     3
       Potion            ||     1
Armor: Skin              ||    23
Dodge: Dodged            ||    71

Table legend: (Time is in decaauts)
 A = Elapsed time spent in this place.
 B = Non-inter-level travel time spent in this place.
 C = Inter-level travel time spent in this place.
 D = Time resting spent in this place.
 E = Time spent auto-exploring this place.
 F = Levels seen in this place.
 G = Mean time per level.
                   A        B        C        D        E       F      G
               +--------+--------+--------+--------+--------+-----+--------+
         Total |   2390 |   2353 |     37 |      0 |   1938 |   2 | 1195.0 |
       Dungeon |   2390 |   2353 |     37 |      0 |   1938 |   2 | 1195.0 |
               +--------+--------+--------+--------+--------+-----+--------+

Top non-repeatable levels by time:
     D:1: 1320 daAuts
     D:2: 1070 daAuts
